 Dungeon Crawl Stone Soup version 0.20-a0-1050-g57248f3 (webtiles) character file.

44 KarmaPolice the Charmwright (level 3, -4/29 HPs)
             Began as a Barachi Skald on Apr 23, 2017.
             Slain by a gnoll
             ... wielding a +0 spear
              (8 damage)
             ... on level 2 of the Dungeon on Apr 25, 2017.
             The game lasted 00:07:20 (1397 turns).

KarmaPolice the Charmwright (Barachi Skald)         Turns: 1397, Time: 00:07:21

Health: -4/29      AC:  3    Str: 12    XL:     3   Next: 60%
Magic:  1/6        EV: 12    Int: 13    God:
Gold:   18         SH:  0    Dex: 12    Spells: 0/6 levels left

rFire    . . .     SeeInvis .   a - +0 falchion
rCold    . . .     Gourm    .   (no shield)
rNeg     . . .     Faith    .   b - +0 leather armour
rPois    .         Spirit   .   (no helmet)
rElec    .         Reflect  .   (no cloak)
rCorr    .         Harm     .   (no gloves)
MR       .....                  (no boots)
Stlth    +.........             (no amulet)
Regen    0.1/turn               (no ring)
MPRegen  0.1/turn               (no ring)

@: infused (expiring), very slightly contaminated, slow
A: +LOS, swims, slowness 1, strong legs 1
a: Hop


You were on level 2 of the Dungeon.
You were very hungry.

You visited 1 branch of the dungeon, and saw 2 of its levels.

You collected 18 gold pieces.

Inventory:

Hand Weapons
 a - a +0 falchion (weapon)
Armour
 b - a +0 leather armour (worn)
Jewellery
 i - an uncursed ring of stealth {unknown}
Scrolls
 e - a scroll of blinking
 f - a scroll of magic mapping {unknown}
 g - 2 scrolls of identify {unknown}
 h - a scroll of teleportation {unknown}
 j - a scroll of enchant armour {unknown}
Books
 c - a book of Battle

   Spells                             Type                      Level
   a - Infusion                       Charms                       1
   b - Shroud of Golubria             Charms/Translocation         2
   c - Song of Slaying                Charms                       2
   d - Spectral Weapon                Hexes/Charms                 3
   e - Regeneration                   Charms/Necromancy            3
Comestibles
 d - a bread ration


   Skills:
 + Level 3.2 Fighting
 + Level 3.2 Long Blades
 - Level 1.2 Armour
 + Level 3.1 Dodging
 - Level 2.1 Spellcasting
 - Level 3.2 Charms


You couldn't memorise any spells.
You knew the following spells:

 Your Spells              Type           Power        Failure   Level  Hunger
a - Infusion              Chrm           #...         9%          1    ##.....
b - Shroud of Golubria    Chrm/Tloc      #.........   24%         2    ###....
c - Regeneration          Chrm/Necr      #.........   43%         3    ####...


Dungeon Overview and Level Annotations

Branches:
Dungeon (2/15)

Altars:


Innate Abilities, Weirdness & Mutations

Shadows flee at your approach. (+LOS)
You can swim through water.
You cover ground slowly.
You can hop short distances.


Message History

You closely miss the gnoll.
The gnoll is heavily wounded.
Your magical infusion is running out.
The gnoll hits you from afar with a spear.
The gnoll completely misses you.
You hit the gnoll but do no damage.
The gnoll is heavily wounded.
The gnoll hits you from afar with a spear.
The gnoll hits you!
* * * LOW HITPOINT WARNING * * *
You are too injured to fight recklessly!
You are too injured to fight recklessly!
You are too injured to fight recklessly!
You are too injured to fight recklessly!
You are too injured to fight recklessly!
You are too injured to fight recklessly!
You hit the gnoll.
The gnoll is severely wounded.
The gnoll hits you from afar with a spear!
You die...

# #.# #..##.#
#.#..#....)..#. ## #.#
##.##.# #.#..#.#####.#.
.# #.# #.##.#####.#....#
#.#. .# #.#
#.##..#....#.#### #...
.# #.####..#..####.#.#
####
.####.##.......####g#.#
#g..#..........g..g.#.#
#..g####รท###.##g#####.#
....g...........@.....#
#...####.####.#..######
.........####..#.#
##...........#.#.#
#...........#.....).....
#...........##...#######
#...........##...#
#...........###..#
#...........+ ....


You could see 2 gnolls.

Vanquished Creatures
  A gnoll (D:2)
  A dart slug (D:1)
  5 bats
  2 giant cockroaches (D:1)
  4 goblins
  5 hobgoblins (D:1)
  3 frilled lizards (D:1)
  7 kobolds
  A rat (D:1)
29 creatures vanquished.

Notes
Turn   | Place    | Note
-------+----------+-------------------------------------------
     0 | D:1      | KarmaPolice the Barachi Skald began the quest for the Orb.
     0 | D:1      | Reached XP level 1. HP: 17/17 MP: 3/3
   138 | D:1      | Reached XP level 2. HP: 17/23 MP: 0/5
   528 | D:1      | Reached XP level 3. HP: 28/28 MP: 6/6
   930 | D:2      | Learned a level 2 spell: Shroud of Golubria
   934 | D:2      | Learned a level 3 spell: Regeneration
  1208 | D:1      | Upgraded the game from 0.20-a0-1040-gfd09691 to 0.20-a0-1043-gbd57889
  1245 | D:2      | Upgraded the game from 0.20-a0-1043-gbd57889 to 0.20-a0-1050-g57248f3
  1397 | D:2      | Slain by a gnoll

Vault maps used:
D:1:      shiori_arrival_maze
D:2:      marbit_many_paths

Skill      XL: |  1  2  3 |
---------------+----------+-----
Long Blades    | 3 |  3.2
Dodging        | 3 |  3.1
Fighting       | 3 |  3.2
Armour         | |  1.2
Spellcasting   | |  2.1
Charms         | |  3.2

Action                   || total
-------------------------++-------
Melee: Falchion          ||   109
 Cast: Infusion          ||     6
 Abil: Hop               ||     1
  Use: Scroll            ||     1
  Eat: Chunk             ||     1
Armor: Leather armour    ||    25
Dodge: Dodged            ||    88
       Rpst.: Falchion   ||    26
